 Dungeon Crawl Stone Soup version 0.30-a0-414-gcb316572d5 (webtiles) character file.

Game seed: 17135762450492207356

4 IdlyInterested the Grave Robber (level 1, -1/13 HPs)
             Began as a Demonspawn Wanderer on Dec 7, 2022.
             Slain by a rat (3 damage)
             ... on level 1 of the Dungeon.
             The game lasted 00:01:13 (172 turns).

IdlyInterested the Grave Robber (DsWn)               Turns: 172, Time: 00:01:14

Health: -1/13      AC:  2    Str: 10    XL:     1   Next: 58%
Magic:  0/2        EV: 11    Int: 13    God:
Gold:   26         SH:  4    Dex: 14    Spells: 1/2 levels left

rFire   . . .      SeeInvis .    a - +0 dagger
rCold   . . .      Faith    .    b - +0 buckler
rNeg    . . .      Spirit   .    h - +0 robe
rPois   .          Reflect  .    (no helmet)
rElec   .          Harm     .    (no cloak)
rCorr   .          Rampage  .    (no gloves)
Will    .....                    (no boots)
Stlth   +.........               (no amulet)
HPRegen 0.22/turn                (no ring)
MPRegen 0.08/turn                (no ring)

@: no status effects
A: no striking features
a: no special abilities


You were on level 1 of the Dungeon.
You visited 1 branch of the dungeon, and saw 1 of its levels.

You collected 26 gold pieces.

Inventory:

Hand Weapons
 a - a +0 dagger (weapon)
Armour
 b - a +0 buckler (worn)
 d - a +0 scale mail
 g - a +0 leather armour
 h - a +0 robe (worn)
Scrolls
 c - a scroll of fear
 f - a scroll of amnesia {unknown}
Potions
 e - a potion of attraction


   Skills:
 * Level 0.1 Fighting
 * Level 1.8 Throwing
 - Level 1.0 Dodging
 - Level 1.7 Shields
 - Level 1.0 Unarmed Combat
 - Level 1.0 Spellcasting
 * Level 3.5 Necromancy


You had one spell level left.
You knew the following spells:

 Your Spells              Type           Power      Damage    Failure   Level
a - Necrotise             Necr           36%        1d5       9%          1

Your spell library contained the following spells:

 Spells                   Type           Power      Damage    Failure   Level
 Sublimation of Blood     Necr           9%         N/A       13%         2
 Cigotuvi's Dreadful Rot  Necr/Pois/Air  6%         N/A       34%         2


Dungeon Overview and Level Annotations

Branches:
Dungeon (1/15)

Altars:


Message History

The bat is heavily wounded.
The bat closely misses you.
The rat twitches its whiskers.
The goblin hits you with a +0 club.
Unknown command.
You closely miss the goblin. The bat barely misses you.
The goblin barely misses you.
Aiming: Necrotise (safe; 9% risk of failure)
Press: ? - help, Q - select action Shift-Dir - straight line, f - bat
Aim: a bat (heavily wounded, chance to affect: 76%)
The bat writhes in agony.
The bat hits you but does no damage. You block the bat's attack.
The goblin hits you with a +0 club. The bat hits you.
* * * LOW HITPOINT WARNING * * *
The bat hits you but does no damage.
You closely miss the bat.
The bat is severely wounded.
The bat hits you but does no damage. The bat barely misses you. x2
You closely miss the bat.
The bat is severely wounded.
The bat closely misses you. The bat hits you.
* * * LOW HITPOINT WARNING * * *
The bat barely misses you.
Okay, then.
You hit the bat but do no damage.
The bat is severely wounded.
You block the bat's attack.
You hit the goblin.
The goblin is moderately wounded.
The goblin hits you with a +0 club.
* * * LOW HITPOINT WARNING * * *
Unknown command.
You hit the goblin.
You kill the goblin!
The bat closely misses you.
You hit the bat.
You kill the bat!
The rat bites you.
You die...

.....########.## ...
####.........## ##.##
#
.############.###...#
.. #.....#
##.#....##... .####.#
#............ ##
#.#...)...w.. #
#.#.gw.r.....
#.##r##...... .. #@#
##.... ## #.# ... #.#
.. .#. . # #


You could see a dart slug, a hobgoblin and a rat.

Vanquished Creatures
  A bat (D:1)
  A giant cockroach (D:1)
  2 goblins (D:1)
  A rat (D:1)
5 creatures vanquished.

Notes
Turn   | Place    | Note
-------+----------+-------------------------------------------
     0 | D:1      | IdlyInterested the Demonspawn Wanderer began the quest for
                  | the Orb.
     0 | D:1      | IdlyInterested set off with the following items: a +0
                  | dagger, a +0 buckler, a scroll of fear, a +0 robe, a potion
                  | of attraction; and the following spell memorised:
                  | Necrotise; and the following spells available to memorise:
                  | Sublimation of Blood, Cigotuvi's Dreadful Rot.
     0 | D:1      | Reached XP level 1. HP: 13/13 MP: 2/2
   172 | D:1      | Slain by a rat

Illustrated notes

Levels and vault maps discovered:
D:1:      elethiomel_arrival_infinity_welcomes_careful_drivers,
          layout_loops_ring

Action                   || total
-------------------------++-------
Melee: Dagger            ||    19
 Cast: Necrotise         ||     4
Armor: Robe              ||     6
Dodge: Dodged            ||    18
Block: Buckler           ||     4

Table legend: (Time is in decaauts)
 A = Elapsed time spent in this place.
 B = Non-inter-level travel time spent in this place.
 C = Inter-level travel time spent in this place.
 D = Time resting spent in this place.
 E = Time spent auto-exploring this place.
 F = Levels seen in this place.
 G = Mean time per level.
                   A        B        C        D        E       F      G
               +--------+--------+--------+--------+--------+-----+--------+
         Total |    172 |    172 |      0 |      0 |    111 |   1 |  172.0 |
       Dungeon |    172 |    172 |      0 |      0 |    111 |   1 |  172.0 |
               +--------+--------+--------+--------+--------+-----+--------+

Top non-repeatable levels by time:
     D:1: 172 daAuts
